| TOP OF THE 1ST |
|
Staten Island Yankees batting - Pitching for Los Angeles (NYP) Angels : RHP Ju-wei Long
|
|
Pitching: RHP Ju-wei Long
|
|
|
Batting: LHB Carlos Palau
|
0-0: Called Strike 0-1: Ball 1-1: Ball 2-1: DOUBLE (Groundball, 5L, EV 103.1 MPH)
|
|
Batting: LHB Justin Short
|
0-0: Called Strike 0-1: Ball 1-1: SINGLE (Groundball, 6MD, EV 98.1 MPH) Carlos Palau to third Runner from 3rd tries for Home, SAFE, throw by CF to home
|
|
Batting: RHB Brad Wren
|
Balk! Justin Short to second 0-0: Called Strike 0-1: Ball 1-1: Ball 2-1: Ground out U3 (Groundball, 23, EV 81.9 MPH) Justin Short to third
|
|
Batting: RHB Edite Leoni
|
0-0: Called Strike 0-1: Foul Ball, location: 2F 0-2: Foul Ball, location: 2F 0-2: Ground out 4-3 (Groundball, 4, EV 83.1 MPH) Justin Short scores
|
|
Batting: RHB Jesus Ruiz
|
0-0: Ball 1-0: Foul Ball, location: 2F 1-1: Swinging Strike 1-2: Strikes out swinging
|
| Top of the 1st over - 2 runs, 2 hits, 0 errors, 0 left on base; Staten Island 2 - Los Angeles (NYP) 0 |
| BOTTOM OF THE 1ST |
|
Los Angeles (NYP) Angels batting - Pitching for Staten Island Yankees : RHP Ben Cunningham
|
|
Pitching: RHP Ben Cunningham
|
|
|
Batting: RHB Ivan Barrientos
|
0-0: Foul Ball, location: 2F 0-1: Called Strike 0-2: DOUBLE (Groundball, 5L, EV 94.4 MPH)
|
|
Batting: RHB Scott Webb
|
0-0: Foul Ball, location: 2F 0-1: Ball 1-1: Ball 2-1: Ball 3-1: Base on Balls
|
|
Batting: LHB Mario Anguiano
|
0-0: Foul Ball, location: 2F 0-1: Swinging Strike Passed Ball! Ivan Barrientos to third Scott Webb to second 0-2: Strikes out looking
|
|
Batting: LHB Edgar van der Meeren
|
0-0: Ball 1-0: Called Strike 1-1: Called Strike 1-2: Strikes out swinging
|
|
Batting: RHB Dan Myers
|
Balk! Ivan Barrientos scores Scott Webb to third 0-0: Ball 1-0: Ball 2-0: Ground out 4-3 (Groundball, 4M, EV 85.0 MPH)
|
| Bottom of the 1st over - 1 run, 1 hit, 0 errors, 1 left on base; Staten Island 2 - Los Angeles (NYP) 1 |
| TOP OF THE 2ND |
|
Staten Island Yankees batting - Pitching for Los Angeles (NYP) Angels : RHP Ju-wei Long
|
|
Batting: RHB Matt Thompson
|
0-0: Called Strike 0-1: Ball 1-1: Called Strike 1-2: Ground out U3 (Groundball, 3, EV 90.0 MPH)
|
|
Batting: LHB Danny de Leon
|
0-0: Ball 1-0: Called Strike 1-1: SINGLE (Line Drive, 7S, EV 91.9 MPH)
|
|
Batting: RHB Danny Ayala
|
0-0: Called Strike Danny de Leon is caught stealing 2nd base 2-4 0-1: Ball 1-1: Ball 2-1: Foul Ball, location: 2F 2-2: Foul Ball, location: 2F 2-2: Strikes out swinging
|
| Top of the 2nd over - 0 runs, 1 hit, 0 errors, 0 left on base; Staten Island 2 - Los Angeles (NYP) 1 |
| BOTTOM OF THE 2ND |
|
Los Angeles (NYP) Angels batting - Pitching for Staten Island Yankees : RHP Ben Cunningham
|
|
Batting: LHB Jamie Diebel
|
0-0: Ball 1-0: Ball 2-0: SINGLE (Groundball, 4MD, EV 101.9 MPH)
|
|
Batting: RHB Malachi Ephron
|
0-0: Ball 1-0: Ball 2-0: Ball 3-0: Base on Balls Jamie Diebel to second
|
|
Batting: SHB Tim Connell
|
0-0: Ball 1-0: Ball 2-0: Called Strike 2-1: Ball 3-1: Base on Balls Jamie Diebel to third Malachi Ephron to second
|
|
Batting: RHB Ron Major
|
0-0: Called Strike 0-1: Called Strike 0-2: Ball 1-2: Foul Ball, location: 2F 1-2: Ball 2-2: Foul Ball, location: 2F 2-2: Ball 3-2: Foul Ball, location: 2F 3-2: Reached on error, E3 (Groundball, 34, EV 105.6 MPH) Jamie Diebel scores Malachi Ephron to third Tim Connell to second
|
|
Batting: RHB Ivan Barrientos
|
0-0: Called Strike 0-1: Ball 1-1: Ball Balk! Malachi Ephron scores Tim Connell to third Ron Major to second 2-1: Ball 3-1: Foul Ball, location: 2F 3-2: Foul Ball, location: 2F 3-2: TRIPLE (Flyball, 78XD, EV 100.6 MPH) Tim Connell scores Ron Major scores
|
|
Batting: RHB Scott Webb
|
0-0: Ball 1-0: Ball 2-0: Ball 3-0: Base on Balls
|
|
Batting: LHB Mario Anguiano
|
0-0: Called Strike 0-1: Ball 1-1: Foul Ball, location: 2F 1-2: Fielders Choice at 2nd, 4-6 (Groundball, 4, EV 92.5 MPH) Ivan Barrientos scores
|
|
Batting: LHB Edgar van der Meeren
|
0-0: Ball 1-0: Ball 2-0: Foul Ball, location: 2F 2-1: Swinging Strike 2-2: Ball 3-2: Base on Balls Mario Anguiano to second
|
|
Batting: RHB Dan Myers
|
0-0: Ball 1-0: Ball 2-0: Called Strike 2-1: Ball 3-1: Swinging Strike 3-2: Strikes out swinging
|
|
Batting: LHB Jamie Diebel
|
0-0: Fly out, F7 (Line Drive, 7, EV 93.8 MPH)
|
| Bottom of the 2nd over - 5 runs, 2 hits, 1 error, 2 left on base; Staten Island 2 - Los Angeles (NYP) 6 |
| TOP OF THE 3RD |
|
Staten Island Yankees batting - Pitching for Los Angeles (NYP) Angels : RHP Ju-wei Long
|
|
Batting: RHB Norimoto Miyanishi
|
0-0: Called Strike 0-1: Foul Ball, location: 2F 0-2: Ball 1-2: Ball 2-2: Ball 3-2: Strikes out looking
|
|
Batting: LHB Carlos Palau
|
0-0: Swinging Strike 0-1: Ground out 6-3 (Groundball, 4M, EV 86.2 MPH)
|
|
Batting: LHB Justin Short
|
0-0: Ball 1-0: Foul Ball, location: 2F 1-1: Swinging Strike 1-2: Ball 2-2: Ball 3-2: Strikes out swinging
|
| Top of the 3rd over - 0 runs, 0 hits, 0 errors, 0 left on base; Staten Island 2 - Los Angeles (NYP) 6 |
| BOTTOM OF THE 3RD |
|
Los Angeles (NYP) Angels batting - Pitching for Staten Island Yankees : RHP Ben Cunningham
|
|
Batting: RHB Malachi Ephron
|
0-0: Ball 1-0: Foul Ball, location: 2F 1-1: Called Strike 1-2: Ball 2-2: Ball 3-2: Foul Ball, location: 2F 3-2: Foul Ball, location: 2F 3-2: Strikes out swinging
|
|
Batting: SHB Tim Connell
|
0-0: Foul Ball, location: 2F 0-1: Called Strike 0-2: Strikes out swinging
|
|
Batting: RHB Ron Major
|
0-0: Called Strike 0-1: Swinging Strike 0-2: Ground out 5-3 (Groundball, 56, EV 85.6 MPH)
|
| Bottom of the 3rd over - 0 runs, 0 hits, 0 errors, 0 left on base; Staten Island 2 - Los Angeles (NYP) 6 |
| TOP OF THE 4TH |
|
Staten Island Yankees batting - Pitching for Los Angeles (NYP) Angels : RHP Ju-wei Long
|
|
Batting: RHB Brad Wren
|
0-0: Called Strike 0-1: Foul Ball, location: 2F 0-2: Hit by Pitch
|
|
Batting: RHB Edite Leoni
|
0-0: Called Strike 0-1: Ball 1-1: Ball 2-1: Swinging Strike 2-2: Fielders Choice at 2nd, 5-4 (Groundball, 56, EV 100.0 MPH)
|
|
Batting: RHB Jesus Ruiz
|
0-0: Ball 1-0: Foul Ball, location: 2F 1-1: Swinging Strike 1-2: Ball 2-2: Strikes out looking
|
|
Batting: RHB Matt Thompson
|
0-0: Called Strike 0-1: Ball 1-1: Ball 2-1: Foul Ball, location: 2F 2-2: Strikes out looking
|
| Top of the 4th over - 0 runs, 0 hits, 0 errors, 1 left on base; Staten Island 2 - Los Angeles (NYP) 6 |
| BOTTOM OF THE 4TH |
|
Los Angeles (NYP) Angels batting - Pitching for Staten Island Yankees : RHP Ben Cunningham
|
|
Batting: RHB Ivan Barrientos
|
0-0: SINGLE (Groundball, 4M, EV 102.5 MPH)
|
|
Pitching: RHP Gary Salazar
|
|
|
Batting: RHB Scott Webb
|
0-0: Called Strike 0-1: Swinging Strike Passed Ball! Ivan Barrientos to second 0-2: Ball 1-2: Ball Wild Pitch! Ivan Barrientos to third 2-2: Strikes out swinging
|
|
Batting: LHB Mario Anguiano
|
0-0: DOUBLE (Line Drive, 9LS, EV 88.8 MPH) Ivan Barrientos scores
|
|
Batting: LHB Edgar van der Meeren
|
0-0: Called Strike 0-1: Ball 1-1: Ball 2-1: DOUBLE (Groundball, 3L, EV 108.1 MPH) Mario Anguiano scores
|
|
Batting: RHB Dan Myers
|
0-0: Swinging Strike 0-1: Ball 1-1: Called Strike 1-2: Foul Ball, location: 2F 1-2: Strikes out swinging
|
|
Batting: LHB Jamie Diebel
|
0-0: Called Strike 0-1: Ball 1-1: Swinging Strike 1-2: Ball Wild Pitch! Edgar van der Meeren to third 2-2: Strikes out swinging
|
| Bottom of the 4th over - 2 runs, 3 hits, 0 errors, 1 left on base; Staten Island 2 - Los Angeles (NYP) 8 |
| TOP OF THE 5TH |
|
Staten Island Yankees batting - Pitching for Los Angeles (NYP) Angels : RHP Ju-wei Long
|
|
Batting: LHB Danny de Leon
|
0-0: Foul Ball, location: 2F 0-1: Swinging Strike 0-2: Strikes out swinging
|
|
Batting: RHB Danny Ayala
|
0-0: Ball 1-0: Ball 2-0: Swinging Strike 2-1: Foul Ball, location: 2F 2-2: Foul Ball, location: 2F 2-2: Strikes out swinging passed ball, reaches first!
|
|
Batting: RHB Norimoto Miyanishi
|
0-0: Ball 1-0: Called Strike 1-1: Foul Ball, location: 2F 1-2: Ball 2-2: Strikes out swinging
|
|
Batting: LHB Carlos Palau
|
0-0: Called Strike 0-1: Foul Ball, location: 2F 0-2: Ball 1-2: Foul Ball, location: 2F 1-2: Ball 2-2: Ball 3-2: Base on Balls Danny Ayala to second
|
|
Batting: LHB Justin Short
|
0-0: Ball 1-0: Ball Wild Pitch! Danny Ayala to third Carlos Palau to second 2-0: Foul Ball, location: 2F 2-1: Ball 3-1: Called Strike 3-2: Foul Ball, location: 2F 3-2: Base on Balls
|
|
Pitching: RHP Humberto Paniagua
|
|
|
Batting: RHB Brad Wren
|
0-0: Ball 1-0: Swinging Strike 1-1: Foul Ball, location: 2F 1-2: Ball 2-2: Strikes out swinging
|
| Top of the 5th over - 0 runs, 0 hits, 0 errors, 3 left on base; Staten Island 2 - Los Angeles (NYP) 8 |
| BOTTOM OF THE 5TH |
|
Los Angeles (NYP) Angels batting - Pitching for Staten Island Yankees : RHP Gary Salazar
|
|
Batting: RHB Malachi Ephron
|
0-0: Ball 1-0: Ball 2-0: Ground out 5-3 (Groundball, 56S, EV 84.4 MPH)
|
|
Batting: SHB Tim Connell
|
0-0: Fly out, F9 (Flyball, 89D, EV 82.5 MPH)
|
|
Batting: RHB Ron Major
|
0-0: Called Strike 0-1: Swinging Strike 0-2: Foul Ball, location: 2F 0-2: Ball 1-2: Ball 2-2: Ball 3-2: Foul Ball, location: 2F 3-2: Ground out 4-3 (Groundball, 34, EV 103.8 MPH)
|
| Bottom of the 5th over - 0 runs, 0 hits, 0 errors, 0 left on base; Staten Island 2 - Los Angeles (NYP) 8 |
| TOP OF THE 6TH |
|
Staten Island Yankees batting - Pitching for Los Angeles (NYP) Angels : RHP Humberto Paniagua
|
|
Batting: RHB Edite Leoni
|
0-0: Ball 1-0: Ball 2-0: Foul Ball, location: 2F 2-1: SINGLE (Groundball, P, EV 80.6 MPH) (infield hit)
|
|
Batting: RHB Jesus Ruiz
|
0-0: Ball 1-0: Ball 2-0: Called Strike 2-1: SINGLE (Groundball, 6D, EV 95.0 MPH) Edite Leoni to second
|
|
Batting: RHB Matt Thompson
|
0-0: Called Strike 0-1: Called Strike 0-2: Fly out, F8 (Line Drive, 8RM, EV 92.5 MPH)
|
|
Batting: LHB Danny de Leon
|
0-0: Ball 1-0: Called Strike 1-1: Ball 2-1: Swinging Strike 2-2: Ball Passed Ball! Edite Leoni to third Jesus Ruiz to second 3-2: Strikes out swinging
|
|
Batting: RHB Danny Ayala
|
0-0: Called Strike 0-1: Foul Ball, location: 2F 0-2: Ball 1-2: SINGLE (Groundball, 6D, EV 95.0 MPH) Edite Leoni scores Jesus Ruiz to third Runner from 3rd tries for Home, SAFE, throw by CF to home
|
|
Pitching: RHP Simon Vogel
|
|
|
Batting: RHB Norimoto Miyanishi
|
0-0: Ball 1-0: Fielders Choice at 2nd, 6-4 (Groundball, 6, EV 83.1 MPH)
|
| Top of the 6th over - 2 runs, 3 hits, 0 errors, 1 left on base; Staten Island 4 - Los Angeles (NYP) 8 |
| BOTTOM OF THE 6TH |
|
Los Angeles (NYP) Angels batting - Pitching for Staten Island Yankees : RHP Gary Salazar
|
|
Pitching: RHP Jake Bryant
|
|
|
Batting: RHB Ivan Barrientos
|
0-0: Called Strike 0-1: Foul Ball, location: 2F 0-2: Ball 1-2: Ball 2-2: Foul Ball, location: 2F 2-2: Strikes out looking
|
|
Batting: RHB Scott Webb
|
0-0: Ball 1-0: Ground out 5-3 (Groundball, 56, EV 83.8 MPH)
|
|
Batting: LHB Mario Anguiano
|
0-0: Foul Ball, location: 2F 0-1: Called Strike 0-2: Ball 1-2: Strikes out looking
|
| Bottom of the 6th over - 0 runs, 0 hits, 0 errors, 0 left on base; Staten Island 4 - Los Angeles (NYP) 8 |
| TOP OF THE 7TH |
|
Staten Island Yankees batting - Pitching for Los Angeles (NYP) Angels : RHP Simon Vogel
|
|
Batting: LHB Carlos Palau
|
0-0: Ball 1-0: Called Strike 1-1: Ball 2-1: Ball 3-1: Base on Balls
|
|
Batting: LHB Justin Short
|
0-0: Called Strike Carlos Palau steals 2nd base 0-1: Ball 1-1: Swinging Strike 1-2: Strikes out swinging
|
|
Batting: RHB Brad Wren
|
0-0: Fly out, F8 (Flyball, 78XD, EV 96.2 MPH) Runner from 2nd tags up, SAFE at 3rd, no throw by CF
|
|
Batting: RHB Edite Leoni
|
0-0: Foul Ball, location: 2F 0-1: Ball 1-1: Ground out 6-3 (Groundball, 6M, EV 78.1 MPH)
|
| Top of the 7th over - 0 runs, 0 hits, 0 errors, 1 left on base; Staten Island 4 - Los Angeles (NYP) 8 |
| BOTTOM OF THE 7TH |
|
Los Angeles (NYP) Angels batting - Pitching for Staten Island Yankees : RHP Jake Bryant
|
|
Batting: LHB Edgar van der Meeren
|
0-0: Ball 1-0: Swinging Strike 1-1: Ball 2-1: Called Strike 2-2: Strikes out swinging
|
|
Batting: RHB Dan Myers
|
0-0: Ball 1-0: Called Strike 1-1: Foul Ball, location: 2F 1-2: Foul Ball, location: 2F 1-2: Strikes out looking
|
|
Batting: LHB Jamie Diebel
|
0-0: Ball 1-0: Ball 2-0: Ball 3-0: Called Strike 3-1: SINGLE (Line Drive, 7S, EV 107.5 MPH)
|
|
Batting: RHB Malachi Ephron
|
0-0: Ball 1-0: Called Strike 1-1: Called Strike 1-2: Strikes out swinging
|
| Bottom of the 7th over - 0 runs, 1 hit, 0 errors, 1 left on base; Staten Island 4 - Los Angeles (NYP) 8 |
| TOP OF THE 8TH |
|
Staten Island Yankees batting - Pitching for Los Angeles (NYP) Angels : RHP Simon Vogel
|
|
Batting: RHB Jesus Ruiz
|
0-0: Called Strike 0-1: SINGLE (Groundball, 4M, EV 105.0 MPH)
|
|
Batting: RHB Matt Thompson
|
0-0: Ball 1-0: Foul Ball, location: 2F 1-1: SINGLE (Groundball, 34, EV 106.2 MPH) Jesus Ruiz to second Runner from 2nd tries for 3rd, SAFE, throw by RF made to third
|
|
Batting: LHB Danny de Leon
|
0-0: Ball 1-0: Ball 2-0: Ball 3-0: Called Strike 3-1: Fielders Choice at 2nd, 4-6 (Groundball, 13, EV 85.0 MPH) Jesus Ruiz scores
|
|
Batting: RHB Danny Ayala
|
0-0: Ball 1-0: Called Strike 1-1: Called Strike 1-2: Ball 2-2: Ball 3-2: Foul Ball, location: 2F 3-2: Strikes out swinging
|
|
Batting: RHB Norimoto Miyanishi
|
0-0: Foul Ball, location: 2F 0-1: Ball 1-1: Ball 2-1: Foul Ball, location: 2F 2-2: Ground out 4-3 (Groundball, 4, EV 100.6 MPH)
|
| Top of the 8th over - 1 run, 2 hits, 0 errors, 1 left on base; Staten Island 5 - Los Angeles (NYP) 8 |
| BOTTOM OF THE 8TH |
|
Los Angeles (NYP) Angels batting - Pitching for Staten Island Yankees : RHP Jake Bryant
|
|
Batting: SHB Tim Connell
|
0-0: Ball 1-0: Swinging Strike 1-1: Swinging Strike 1-2: Ground out 4-3 (Groundball, 4M, EV 80.6 MPH)
|
|
Pitching: RHP Kenny Samuels
|
|
|
Batting: RHB Ron Major
|
0-0: Called Strike 0-1: Swinging Strike 0-2: Strikes out looking
|
|
Batting: RHB Ivan Barrientos
|
0-0: Ball 1-0: Ground out 1-3 (Groundball, P, EV 66.9 MPH)
|
| Bottom of the 8th over - 0 runs, 0 hits, 0 errors, 0 left on base; Staten Island 5 - Los Angeles (NYP) 8 |
| TOP OF THE 9TH |
|
Staten Island Yankees batting - Pitching for Los Angeles (NYP) Angels : RHP Simon Vogel
|
|
Batting: LHB Carlos Palau
|
0-0: Ball 1-0: Ball 2-0: Ball 3-0: Base on Balls
|
|
Batting: LHB Justin Short
|
0-0: Ball 1-0: Ball 2-0: Foul Ball, location: 2F 2-1: Swinging Strike 2-2: Strikes out swinging
|
|
Batting: RHB Brad Wren
|
0-0: Ball 1-0: Ball 2-0: Ball 3-0: Called Strike 3-1: Swinging Strike 3-2: Fielders Choice at 2nd, 4-6 (Groundball, 4, EV 83.1 MPH)
|
|
Pitching: RHP Manuel Vega
|
|
|
Batting: RHB Edite Leoni
|
0-0: Ball 1-0: Fielders Choice at 2nd, 6-4 (Groundball, 6, EV 110.6 MPH)
|
| Top of the 9th over - 0 runs, 0 hits, 0 errors, 1 left on base; Staten Island 5 - Los Angeles (NYP) 8 |
|